 Dungeon Crawl Stone Soup version 0.19.1-1-g22dce08 (webtiles) character file.

11666 Gargoyl the Protected (level 11, -11/94 (95) HPs)
             Began as a Ghoul Abyssal Knight on Jan 20, 2017.
             Was a High Priest of Lugonu.
             Mangled by a shadow wraith (14 damage)
             ... summoned by a vampire mage
             ... on level 11 of the Dungeon.
             The game lasted 00:25:25 (10767 turns).

Gargoyl the Protected (Ghoul Abyssal Knight)       Turns: 10767, Time: 00:25:26

HP:   -11/94 (95)   AC: 27    Str: 18    XL:     11   Next: 81%
MP:   4/16          EV:  5    Int:  7    God:    Lugonu [*****.]
Gold: 713           SH:  8    Dex: 10    Spells: 0 memorised, 10 levels left

rFire  + . .     SeeInvis .     k - +3 hand axe (drain)
rCold  + . .     Gourm    .     B - +0 plate armour
rNeg   + + +     Faith    .     C - +0 shield {AC+3}
rPois  ∞         Spirit   .     n - +2 helmet
rElec  .         Reflect  .     m - +2 cloak
rCorr  +         Harm     .     f - +0 pair of gloves
MR     .....                    g - +0 pair of boots
Stlth  ..........               (no amulet)
                                u - ring of resist corrosion
                                h - ring of protection from fire

@: very slightly contaminated, rotting, slowed, very slow
A: rotting body, claws 1, carnivore 3, cold resistance 1, negative energy
resistance 3, slow regeneration 1, torment resistance, unbreathing
a: Depart the Abyss, Bend Space, Banish, Corrupt, Enter the Abyss, Renounce
Religion


You were on level 11 of the Dungeon.
You worshipped Lugonu.
Lugonu was extremely pleased with you.
You were not hungry.

You visited 1 branch of the dungeon, and saw 11 of its levels.
You visited the Abyss 1 time.

You collected 713 gold pieces.

Inventory:

Hand Weapons
 k - a +3 hand axe of draining (weapon)
 v - a +0 war axe of chopping
 E - a +0 spear of venom
 L - a +0 war axe
Missiles
 A - 9 javelins (quivered)
Armour
 f - a +0 pair of gloves (worn)
 g - a +0 pair of boots (worn)
 m - a +2 cloak (worn)
 n - a +2 helmet (worn)
 B - a +0 plate armour (worn)
 C - a +0 shield of protection (worn)
Rods
 t - a +0 rod of shadows (11/11)
   (You found it on level 7 of the Dungeon)
Jewellery
 h - a ring of protection from fire (left hand)
 u - a ring of resist corrosion (right hand)
 F - an uncursed amulet of faith {unknown}
 J - an uncursed ring of protection from fire
Wands
 e - a wand of iceblast (12/15)
 y - a wand of random effects (28/48)
 D - a wand of flame (29/48)
 G - a wand of polymorph (4/24)
 H - a wand of teleportation (4/9)
Scrolls
 b - 4 scrolls of magic mapping
 j - 6 scrolls of remove curse
 l - 11 scrolls of identify
 o - a scroll of blinking
 w - a scroll of fear
 x - 3 scrolls of recharging
Potions
 d - 3 potions of invisibility
 q - 3 potions of agility
 r - 2 potions of flight
 s - a potion of curing
 M - a potion of cancellation
Comestibles
 a - a slice of pizza
 c - 7 meat rations
 z - 4 chunks of flesh


   Skills:
 + Level 8.5 Fighting
 + Level 9.2 Axes
 + Level 3.1 Throwing
 * Level 9.5 Armour
 + Level 4.1 Dodging
 + Level 3.1 Shields
 * Level 9.2 Invocations


You had 10 spell levels left.
You didn't know any spells.

Dungeon Overview and Level Annotations

Branches:
Dungeon (11/15)            Temple (0/1) D:7             Orc (0/2) D:10
   Lair: D:8-11

Altars:
Cheibriados
Dithmenos
Fedhas
Kikubaaqudgha
Nemelex Xobeh
Sif Muna
Vehumet
Xom
The Shining One
Beogh

Shops:
D:9 :


Innate Abilities, Weirdness & Mutations

Your body is rotting away.
You thrive on raw meat.
You are immune to poison.
You have sharp fingernails.
You are carnivorous and can eat meat at any time.
Your flesh is cold resistant. (rC+)
You are immune to negative energy. (rN+++)
You regenerate slowly when monsters are visible.
You are immune to unholy pain and torment.
You can survive without breathing.


Message History

You feel as though you will be slow longer.
Something hits you but does no damage.
You feel better. You block something's attack.
Press: ? - help, Shift-Dir - straight line Nothing appears to happen.
You feel somewhat more hungry.
You feel your flesh rotting away. Something hits you.
* * * LOW HITPOINT WARNING * * *
Something hits you.
* * * LOW HITPOINT WARNING * * *
Something drains your vigour!
You feel as though you will be slow longer.
Press: ? - help, Shift-Dir - straight line Nothing appears to happen.
You feel somewhat more hungry. You block something's attack.
Unknown command.
Press: ? - help, Shift-Dir - straight line Nothing appears to happen.
You feel quite a bit more hungry. Something hits you but does no damage.
Something hits you!
You die...

##
#######..⌠#..{..#
#.
..........{).#...
#.
########.⌠#..#§.#
####. #..####...
....## #..# ####
##.#.########..#
#.#.....))eo.o.#
#####.e{#########.#
#....?..@....# ###
#.###...####.## #.#
##.####...#
####.####........#
#.....))((####...#
#.##.####.# ##.##
#.##.# #.#
#.#####..#
######.##.# #.#
#.........
..........# #.#
#.######.#


You could see a deep elf mage.

Vanquished Creatures
  A queen ant (D:10)
  A hill giant (D:10)
  A deep elf mage (D:11)
  A gargoyle (D:10)
  A naga mage (D:11)
  2 trolls (D:10)
  A merfolk (D:9)
  A hippogriff (D:11)
  A wraith (D:10)
  A wyvern (D:8)
  A hungry ghost (D:10)
  Eustachio (D:5)
  Menkaure (D:5)
  The ghost of ADDA the Sneak, an amateur OpWz of Sif Muna (D:5)
  9 soldier ants (D:10)
  A water moccasin (D:11)
  4 orc warriors
  An ice beast (D:8)
  A sky beast (D:10)
  An eye of draining (D:10)
  9 centaurs
  6 ogres
  2 phantoms
  A crocodile (D:9)
  6 bullfrogs
  2 big kobolds
  A gnoll sergeant (D:8)
  A wyvern zombie (D:8)
  4 scorpions
  12 wights
  2 howler monkeys
  4 crimson imps
  A quasit (D:9)
  2 centaur zombies
  A bullfrog zombie (D:7)
  2 jellies
  6 orc priests
  13 orc wizards
  2 gnoll shamans
  4 hounds
  A bullfrog skeleton (D:7)
  An iguana (D:11)
  29 worker ants
  A hound zombie (D:7)
  A hound skeleton (D:6)
  A worker ant zombie (D:6)
  56 gnolls
  20 adders
  3 shadow imps
  An adder skeleton (D:4)
  An adder zombie (D:7)
  2 leopard geckos
  35 orcs
  6 bats
  6 giant cockroaches
  10 hobgoblins
  14 jackals (D:3)
  20 kobolds
  2 quokkas
  3 frilled lizards
  11 goblins
  A quokka zombie (D:7)
  4 rats
342 creatures vanquished.

Vanquished Creatures (others)
  The ghost of davido123 the Cleaver, a novice MiFi of Ru (D:8)
  An unseen horror (D:10)
  A naga mage (D:11)
  A fungus (D:11)
  10 plants (D:11)
14 creatures vanquished.

Grand Total: 356 creatures vanquished

Notes
Turn   | Place    | Note
-------+----------+-------------------------------------------
     0 | Abyss:1  | Gargoyl the Ghoul Abyssal Knight began the quest for the Orb.
     0 | Abyss:1  | Reached XP level 1. HP: 19/19 MP: 1/1
    52 | Abyss:2  | Found a corrupted altar of Lugonu.
    76 | Abyss:2  | Found a corrupted altar of Lugonu.
    89 | Abyss:2  | Noticed a wretched star
    90 | D:1      | Escaped the Abyss
   140 | D:1      | Reached * piety under Lugonu
   274 | D:1      | Reached XP level 2. HP: 24/26 MP: 2/2
   723 | D:2      | Reached XP level 3. HP: 32/32 MP: 3/3
   740 | D:2      | Reached skill level 1 in Dodging
   768 | D:2      | Reached skill level 5 in Fighting
   768 | D:2      | Reached skill level 5 in Armour
   768 | D:2      | Reached XP level 4. HP: 42/42 MP: 3/7
   916 | D:2      | Found a blossoming altar of Fedhas.
   921 | D:2      | Found a radiant altar of Vehumet.
   927 | D:2      | Found a shimmering altar of Xom.
   964 | D:2      | Reached XP level 5. HP: 48/49 MP: 8/8
   987 | D:2      | Reached ** piety under Lugonu
  1377 | D:3      | Noticed an ogre
  1434 | D:2      | Reached XP level 6. HP: 50/57 MP: 9/9
  1597 | D:2      | Reached *** piety under Lugonu
  1597 | D:2      | Reached XP level 7. HP: 57/62 MP: 10/10
  2184 | D:2      | Reached skill level 5 in Axes
  2273 | D:3      | Reached XP level 8. HP: 13/70 MP: 11/11
  3088 | D:3      | Reached **** piety under Lugonu
  3234 | D:4      | Found a snail-covered altar of Cheibriados.
  3856 | D:5      | Entered Level 5 of the Dungeon
  3916 | D:5      | Noticed Eustachio
  3950 | D:5      | Killed Eustachio
  3967 | D:5      | Found a glowing golden altar of the Shining One.
  4022 | D:5      | Found a shadowy altar of Dithmenos.
  4145 | D:5      | Noticed Menkaure
  4154 | D:5      | Killed Menkaure
  4154 | D:5      | Reached XP level 9. HP: 33/78 MP: 13/13
  4404 | D:5      | Noticed ADDA's ghost (amateur OpWz)
  4440 | D:5      | Killed ADDA's ghost
  4792 | D:5      | Found an ancient bone altar of Kikubaaqudgha.
  5631 | D:7      | Found a staircase to the Ecumenical Temple.
  6416 | D:7      | Reached ***** piety under Lugonu
  6538 | D:7      | Reached XP level 10. HP: 84/86 MP: 14/14
  7073 | D:8      | Noticed davido123's ghost (novice MiFi)
  7101 | D:8      | Banished davido123's ghost
  7527 | D:8      | Identified a scroll of acquirement
  8039 | D:9      | Found Gumyinte's Book Emporium.
  8380 | D:9      | Found a shadowy altar of Dithmenos.
  8665 | D:9      | Reached skill level 1 in Shields
  8755 | D:10     | Entered Level 10 of the Dungeon
  9027 | D:10     | Found a staircase to the Orcish Mines.
  9066 | D:10     | Found a roughly hewn altar of Beogh.
  9233 | D:10     | Noticed a hill giant
  9243 | D:10     | Killed a hill giant
  9243 | D:10     | Reached XP level 11. HP: 67/93 MP: 16/16
  9433 | D:10     | You fall through a shaft!
  9580 | D:10     | Found a sparkling altar of Nemelex Xobeh.
 10271 | D:10     | Banished an unseen horror
 10402 | D:10     | Noticed a queen ant
 10427 | D:10     | Killed a queen ant
 10621 | D:11     | Reached ****** piety under Lugonu
 10647 | D:11     | Noticed a deep elf mage
 10659 | D:11     | Noticed a soul eater
 10662 | D:11     | Killed a deep elf mage
 10678 | D:11     | Noticed a deep elf mage
 10690 | D:11     | Noticed a vampire mage
 10694 | D:11     | Found a deep blue altar of Sif Muna.
 10695 | D:11     | Noticed a deep elf sorcerer
 10734 | D:11     | Noticed a flayed ghost
 10742 | D:11     | HP: 4/95 [orc wizard/magic dart (10)]
 10753 | D:11     | HP: 4/95 [orc wizard/magic dart (10)]
 10763 | D:11     | HP: 4/95 [something (11)]
 10767 | D:11     | Mangled by a shadow wraith

Skill      XL: |  1  2  3  4  5  6  7  8  9 10 11 |
---------------+----------------------------------+-----
Axes           | 2 4 5 6 7 8 9 |  9.2
Armour         | 5 6 7 8 9 |  9.5
Dodging        | 3 4 |  4.1
Fighting       | 5 6 7 8 |  8.5
Throwing       | 3 |  3.1
Invocations    | 6 7 8 9 |  9.2
Shields        | 1 3 |  3.1

Action                   |  1- 3 |  4- 6 |  7- 9 | 10-12 || total
-------------------------+-------+-------+-------+-------++-------
Melee: Hand axe          |    60 |   141 |   490 |   746 ||  1437
Throw: Javelin           |       |       |       |     6 ||     6
Invok: Depart the Abyss  |     1 |       |       |       ||     1
       Banish            |       |       |       |     7 ||     7
       Bend Space        |       |       |       |     2 ||     2
  Use: Scroll            |     7 |     1 |     9 |     6 ||    23
       Potion            |     4 |     2 |     6 |     7 ||    19
  Eat: Chunk             |     6 |    17 |    61 |    67 ||   151
Armor: Chain mail        |    28 |   143 |   392 |       ||   563
       Leather armour    |     2 |       |       |       ||     2
       Plate armour      |       |       |    16 |   748 ||   764
Dodge: Dodged            |    33 |    90 |   239 |   187 ||   549
Block: Shield            |       |       |       |   258 ||   258
